 Dungeon Crawl Stone Soup version 0.29.0-4-gdea44cf6ec (webtiles) character file.

Game seed: 16244923972971198064

46 qw the Chopper (level 3, -4/31 HPs)
             Began as a Minotaur Fighter on Sept 4, 2022.
             Slain by a gnoll
             ... wielding a +0 halberd
              (8 damage)
             ... on level 2 of the Dungeon.
             The game lasted 00:00:24 (992 turns).

qw the Chopper (Minotaur Fighter)                    Turns: 992, Time: 00:00:25

Health: -4/31      AC:  6    Str: 22    XL:     3   Next: 44%
Magic:  2/2        EV:  9    Int:  5    God:
Gold:   42         SH:  4    Dex:  9    Spells: 2/2 levels left

rFire   + + .      SeeInvis .   f - +2 broad axe (vamp)
rCold   . . .      Faith    .   c - +0 buckler
rNeg    . . .      Spirit   .   b - +0 scale mail
rPois   .          Reflect  .   (helmet restricted)
rElec   .          Harm     .   (no cloak)
rCorr   .          Rampage  .   (no gloves)
Will    .....                   (no boots)
Stlth   ..........              (no amulet)
HPRegen 0.10/turn               i - ring of protection from fire
MPRegen 0.08/turn               l - ring of protection from fire

@: no status effects
A: horns 2, retaliatory headbutt
a: no special abilities


You were on level 2 of the Dungeon.
You visited 1 branch of the dungeon, and saw 2 of its levels.

You collected 42 gold pieces.


Innate Abilities, Weirdness & Mutations

You have a pair of horns on your head.
You reflexively headbutt those who attack you in melee.


   Skills:
 - Level 3.6 Fighting
 + Level 4.7 Axes
 - Level 3.6 Armour
 - Level 3.6 Shields


You had 2 spell levels left.
You didn't know any spells.
Your spell library was empty.

Inventory:

Hand Weapons
 f - a +2 vampiric broad axe (weapon)
 j - a +0 flail
Armour
 b - a +0 scale mail (worn)
 c - a +0 buckler (worn)
Jewellery
 i - a ring of protection from fire (left hand)
 l - a ring of protection from fire (right hand)
Scrolls
 a - a scroll of identify
Potions
 d - a potion of might
 e - a potion of magic {unknown}
 h - a potion of curing {unknown}

Dungeon Overview and Level Annotations

Branches:
Dungeon (2/15)

Altars:


Message History

The gnoll is moderately wounded.
The gnoll hits you with a +0 whip.
You hit the gnoll.
The gnoll is severely wounded.
You hit the gnoll. Your headbutt misses the gnoll.
The gnoll is moderately wounded.
The gnoll hits you with a +0 club.
A ball python comes into view.
You hit the gnoll.
You feel better.
The gnoll is severely wounded.
The gnoll hits you with a +0 club.
The gnoll shouts!
You slash the gnoll!
You feel better.
You kill the gnoll!
The gnoll hits you with a +0 whip.
You have reached level 3!
Your experience leads to an increase in your attributes!
Increase (S)trength, (I)ntelligence, or (D)exterity?
You feel stronger. x2
You barely miss the gnoll.
The gnoll is severely wounded.
The gnoll closely misses you. You furiously retaliate!
You headbutt the gnoll. You slash the gnoll!
You feel better.
You kill the gnoll!
The ball python bites you but does no damage.
The ball python grabs you. The ball python constricts you.
You closely miss the ball python. You block the gnoll's attack.
The ball python bites you. The ball python constricts you.
The gnoll hits you from afar with a +0 halberd.
You slash the ball python!
You feel better.
You kill the ball python!
The gnoll barely misses you.
A bat comes into view.
The gnoll hits you with a +0 halberd!
The bat moves out of view.
Items here: %% )).
You closely miss the gnoll. You headbutt the gnoll.
The gnoll is moderately wounded.
The gnoll hits you with a +0 halberd!
You die...

#....#
#....#
####.#
#.#
#####.#
#.....#
#.###.#
#.# #.#
#@# #.#
#g# #.#
... ..#
.#.#####
#.... .
... ..
... ..
....#


You could see a gnoll.

Vanquished Creatures
  2 gnolls (D:2)
  A dart slug (D:1)
  2 endoplasms (D:1)
  A giant cockroach (D:1)
  2 goblins (D:1)
  4 hobgoblins (D:1)
  A quokka (D:1)
  4 ball pythons
  3 bats
  A kobold (D:1)
  2 rats (D:1)
23 creatures vanquished.

Notes
Turn   | Place    | Note
-------+----------+-------------------------------------------
     0 | D:1      | qw the Minotaur Fighter began the quest for the Orb.
     0 | D:1      | Reached XP level 1. HP: 19/19 MP: 0/0
     0 | D:1      | 0 ||| qw: Version: 0.1-a-103-gd6f5d3a
     0 | D:1      | 0 ||| qw: Game counter: 5695
     0 | D:1      | 0 ||| qw: Always use a shield: true
     0 | D:1      | 0 ||| qw: God list: Ru
     0 | D:1      | 0 ||| qw: Allow faded altars: false
     0 | D:1      | 0 ||| qw: Do Orc after D:15 true
     0 | D:1      | 0 ||| qw: Do second Lair branch before Depths: true
     0 | D:1      | 0 ||| qw: Lair rune preference: random
     0 | D:1      | 0 ||| qw: Plans: Normal
     0 | D:1      | 0 ||| PLANNING D:1-11
    84 | D:1      | Reached skill level 3 in Axes
    95 | D:1      | 95 ||| Stepping ~*~*~tactically~*~*~ (hiding).
   103 | D:1      | Reached XP level 2. HP: 26/26 MP: 1/1
   351 | D:1      | 351 ||| DROPPING +0 club.
   498 | D:1      | Reached skill level 4 in Axes
   915 | D:1      | 915 ||| UPGRADING to ring of protection from fire.
   916 | D:1      | 916 ||| UPGRADING to ring of protection from fire.
   917 | D:1      | 917 ||| READING 2 scrolls labelled NEPTUQ ALLUYCE.
   918 | D:1      | 918 ||| READING 2 scrolls labelled IMPOVO OSMAWK.
   919 | D:1      | 919 ||| READING scroll labelled LOLAZINL FEMM.
   920 | D:1      | 920 ||| READING scroll labelled VIGRAJ WEAVAWAS.
   920 | D:1      | Identified a scroll of acquirement
   920 | D:1      | 920 ||| ACQUIRING +2 vampiric broad axe
   920 | D:1      | Acquired a +2 vampiric broad axe
   922 | D:1      | 922 ||| SWAPPING to +2 vampiric broad axe.
   923 | D:1      | 923 ||| DROPPING +0 war axe.
   924 | D:1      | 924 ||| READING scroll labelled UGOBBUFEHO.
   925 | D:1      | 925 ||| READING scroll labelled DUCSASISIT.
   926 | D:1      | 926 ||| DROPPING scroll of amnesia.
   980 | D:2      | 980 ||| Stepping ~*~*~tactically~*~*~ (stealth).
   987 | D:2      | Reached XP level 3. HP: 15/31 MP: 2/2
   991 | D:2      | HP: 4/31 [gnoll/+0 halberd (9)]
   992 | D:2      | Slain by a gnoll

Levels and vault maps discovered:
D:1:      onia_arrival_mini_maze_b, layout_basic, serial_glass, glass_columns_a,
          glass_columns_c, st_stairs_9
D:2:      wad_pebble_path, layout_loops_ring, basic_altar

Skill      XL: |  1  2 |
---------------+-------+-----
Axes           | 3 4 |  4.7
Fighting       | |  3.6
Armour         | |  3.6
Shields        | |  3.6

Action                   || total
-------------------------++-------
Melee: War axe           ||    28
       Headbutt          ||     6
       Broad axe         ||    15
  Use: Scroll            ||     6
Armor: Scale mail        ||    10
Dodge: Dodged            ||    12
Block: Buckler           ||     4

Table legend:
 A = Non-vault XP
 B = Vault XP
 C = Vault XP percentage of total XP
 D = Non-vault monster count
 E = Vault monster count
 F = Vault count percentage of total count
                 A         B        C        D         E       F
            +---------+---------+-------+---------+---------+-------
      Total |      63 |       3 |   4.5 |      21 |       2 |   8.7
            +---------+---------+-------+---------+---------+-------
        D:1 |      29 |       3 |   9.4 |      16 |       2 |  11.1
        D:2 |      34 |       0 |   0.0 |       5 |       0 |   0.0
            +---------+---------+-------+---------+---------+-------
